 Dungeon Crawl Stone Soup version 0.22-a0-395-gfed312b (webtiles) character file.

945 4thArraOfDagon the Magician (level 7, -8/46 HPs)
             Began as a Mummy Fire Elementalist on May 3, 2018.
             Splashed by a gnoll's acid (16 damage)
             ... on level 6 of the Dungeon.
             The game lasted 00:05:43 (1508 turns).

4thArraOfDagon the Magician (MuFE)                  Turns: 1508, Time: 00:05:45

Health: -8/46      AC:  4    Str: 12    XL:     7   Next: 89%
Magic:  8/15       EV: 12    Int: 16    God:
Gold:   106        SH:  0    Dex: 12    Spells: 8/16 levels left

rFire    x . .     SeeInvis .   n - staff of conjuration {!a}
rCold    + . .     Gourm    .   (no shield)
rNeg     + + +     Faith    .   a - +0 robe
rPois    ∞         Spirit   .   (no helmet)
rElec    .         Reflect  .   (no cloak)
rCorr    .         Harm     .   j - +1 pair of gloves
MR       .....                  (no boots)
Stlth    ++........             (no amulet)
HPRegen  0.15/turn              k - ring of flight
MPRegen  0.14/turn              (no ring)

@: no status effects
A: no food or potions, fire vulnerability, cold resistance 1, negative energy
resistance 3, torment resistance, unbreathing
a: Evoke Flight


You were on level 6 of the Dungeon.
You were not hungry.

You visited 1 branch of the dungeon, and saw 8 of its levels.

You collected 106 gold pieces.

Inventory:

Hand Weapons
 d - a +0 short sword
 g - a +0 falchion
 h - a +0 rapier
 i - a +1 dagger of electrocution
Missiles
 e - a throwing net (quivered)
Armour
 a - a +0 robe (worn)
 c - a +0 ring mail
 j - a +1 pair of gloves (worn)
Magical Staves
 n - an uncursed staff of conjuration (weapon) {!a}
 o - an uncursed staff of earth {unknown}
Jewellery
 k - a ring of flight (left hand)
Wands
 f - a wand of iceblast (1)
 l - a wand of digging (16)
 m - a wand of polymorph (10)
Scrolls
 b - 5 scrolls of remove curse


   Skills:
 - Level 1.5 Dodging
 - Level 1.5 Stealth
 + Level 5.4 Spellcasting
 * Level 4.7 Conjurations
 * Level 5.3 Fire Magic


You had 8 spell levels left.
You knew the following spells:

 Your Spells              Type           Power        Failure   Level  Hunger
a - Flame Tongue          Conj/Fire      ####.        1%          1    N/A
b - Conjure Flame         Conj/Fire      ####....     5%          3    N/A
c - Sticky Flame          Conj/Fire      ####....     19%         4    N/A

Dungeon Overview and Level Annotations

Branches:
Dungeon (8/15)
 Temple: D:4-7         Lair: D:8-11

Altars:


Innate Abilities, Weirdness & Mutations

You do not eat or drink.
Your flesh is vulnerable to fire.
You are immune to poison.
Your flesh is cold resistant. (rC+)
You are immune to negative energy. (rN+++)
You are immune to unholy pain and torment.
You can survive without breathing.


Message History

Unknown command.
Casting: Flame Tongue (safe; 1% risk of failure)
Confirm with . or Enter, or press ? or * to list all spells.
Aiming: Sticky Flame (slightly dangerous; 19% risk of failure)
Press: ? - help, Shift-Dir - straight line, f - iguana
Aim: an iguana You feel a surge of power!
The sticky flame hits the iguana.
The iguana is moderately wounded.
The iguana is covered in liquid flames!
The iguana burns!
The iguana barely misses you.
The gnoll hits you from afar with a spear.
Unknown command.
The iguana burns!
You are no longer corroded.
The iguana burns!
You kill the iguana!
The gnoll zaps a wand.
The bolt of acid hits you!
* * * LOW HITPOINT WARNING * * *
You are splashed with acid!
The acid burns!
You die...

#############
#......@.†g.#
#.#########h#
#.# ########.#
#.......g# ..
#. #........#
.# #.
#........#
.'.#.
+........#
#.#.##........#


You could see a hound and a gnoll.

Vanquished Creatures
  A water moccasin (D:6)
  2 ice beasts (D:7)
  A hornet zombie (D:7)
  2 ogres
  3 bullfrogs
  A bullfrog zombie (D:7)
  2 orc wizards (D:6)
  An iguana (D:6)
  A worker ant (D:6)
  An adder (D:6)
  2 oozes
  An adder skeleton (D:7)
  4 dart slugs
  A leopard gecko (D:1)
  4 orcs
  3 giant cockroaches
  A goblin (D:1)
  A hobgoblin (D:2)
  5 jackals (D:2)
  A quokka (D:5)
  A bat (D:2)
  A frilled lizard (D:2)
  A kobold (D:3)
  A leopard gecko skeleton (D:7)
  3 rats
45 creatures vanquished.

Notes
Turn   | Place    | Note
-------+----------+-------------------------------------------
     0 | D:1      | 4thArraOfDagon the Mummy Fire Elementalist began the quest for the Orb.
     0 | D:1      | Reached XP level 1. HP: 13/13 MP: 4/4
    16 | D:1      | Reached skill level 1 in Conjurations
   124 | D:2      | Reached XP level 2. HP: 17/19 MP: 0/5
   430 | D:5      | Entered Level 5 of the Dungeon
   703 | D:5      | Noticed a crimson imp
   737 | D:6      | Noticed an ogre
   751 | D:5      | Reached XP level 3. HP: 19/24 MP: 4/7
   762 | D:6      | Learned a level 3 spell: Conjure Flame
   866 | D:6      | Killed an ogre
   866 | D:6      | Reached XP level 4. HP: 30/30 MP: 0/9
   875 | D:6      | Reached XP level 5. HP: 35/35 MP: 1/10
   911 | D:6      | Noticed a slave
   917 | D:6      | Noticed a slave
   917 | D:6      | Noticed a slave
   956 | D:7      | Learned a level 4 spell: Sticky Flame
  1108 | D:6      | Noticed a water moccasin
  1114 | D:6      | Killed a water moccasin
  1114 | D:6      | Reached XP level 6. HP: 16/41 MP: 7/12
  1242 | D:7      | Noticed an ice beast
  1246 | D:7      | Killed an ice beast
  1246 | D:7      | Reached XP level 7. HP: 33/46 MP: 7/14
  1297 | D:7      | Reached skill level 5 in Spellcasting
  1429 | D:7      | Reached skill level 5 in Fire Magic
  1508 | D:6      | Splashed by a gnoll's acid

Vault maps used:
D:1:      tarquinn_simple_flora_water_f, serial_park_tiny_2
D:3:      chequers_temple_overflow_statue_of_worship, first_ration,
          kennysheep_generic_room_9
D:4:      minmay_temple_entry_fiery, okawaru_ov_weapons_minmay, uniq_grinder
D:5:      uniq_eustachio
D:6:      hangedman_glass_teeth, uniq_pikel
D:8:      tso_altar, grunt_gozag_statues

Skill      XL: |  1  2  3  4  5  6  7 |
---------------+----------------------+-----
Conjurations   | 1 2 3 4 |  4.7
Spellcasting   | 3 4 5 |  5.4
Fire Magic     | 3 4 5 |  5.3
Dodging        | |  1.5
Stealth        | |  1.5

Action                   |  1- 3 |  4- 6 |  7- 9 || total
-------------------------+-------+-------+-------++-------
Melee: Unarmed           |     9 |       |       ||     9
       Short sword       |    31 |       |       ||    31
       Falchion          |     1 |    11 |       ||    12
       Dagger            |       |     2 |    14 ||    16
 Cast: Flame Tongue      |    29 |    10 |    12 ||    51
       Conjure Flame     |     1 |     2 |     3 ||     6
       Sticky Flame      |       |     1 |     2 ||     3
Evoke: Wand              |     2 |     7 |       ||     9
  Use: Scroll            |     1 |     2 |       ||     3
Armor: Robe              |     3 |     5 |     6 ||    14
       Ring mail         |    18 |       |       ||    18
Dodge: Dodged            |    33 |    11 |     9 ||    53
       Rpst.: Falchion   |     2 |     3 |       ||     5

Table legend:
 A = Spawn XP
 B = Non-spawn XP
 C = Spawn XP percentage of total XP
 D = Spawn monster count
 E = Non-spawn monster count
 F = Spawn count percentage of total count
 G = Total turns spent on level
                    A         B        C        D         E        F      G
               +---------+---------+-------+---------+---------+-------+---------
         Total |       0 |    1351 |   0.0 |       0 |      45 |   0.0 |  1508
               +---------+---------+-------+---------+---------+-------+---------
           D:1 |       0 |       9 |   0.0 |       0 |       3 |   0.0 |    56
           D:2 |       0 |      20 |   0.0 |       0 |      11 |   0.0 |   286
           D:3 |       0 |       9 |   0.0 |       0 |       4 |   0.0 |    56
           D:5 |       0 |       6 |   0.0 |       0 |       2 |   0.0 |   325
           D:6 |       0 |     462 |   0.0 |       0 |      12 |   0.0 |   306
           D:7 |       0 |     752 |   0.0 |       0 |      12 |   0.0 |   416
           D:8 |       0 |      93 |   0.0 |       0 |       1 |   0.0 |    31
               +---------+---------+-------+---------+---------+-------+---------
